 Dungeon Sprint DCSS version 0.25-b1-37-g2669288c55 (webtiles) character file.

Game seed: 18189488306348573837

275575 Groucho the Imperceptible (level 12, 64/64 HPs)
             Began as a Felid Berserker on June 5, 2020.
             Was the Champion of Trog.
             Escaped with the Orb!
             The game lasted 00:16:35 (3089 turns).

Groucho the Imperceptible (Felid Berserker)         Turns: 3089, Time: 00:16:35

Health: 64/64      AC:  3    Str: 13    XL:     12   Next: 55%
Magic:  13/13      EV: 35    Int: 10    God:    Trog [******]
Gold:   2935       SH:  5    Dex: 19    Spells: 11/11 levels left
                                        Lives:  2   Deaths: 0

rFire    + . .     SeeInvis +     - Unarmed
rCold    + . .     Gourm    .   (shield unavailable)
rNeg     . . .     Faith    .   (armour unavailable)
rPois    +         Spirit   .   (helmet unavailable)
rElec    .         Reflect  +   (cloak unavailable)
rCorr    .         Harm     .   (gloves unavailable)
MR       +....     NoTele   +   (boots unavailable)
Stlth    ++++......             p - amulet of reflection
HPRegen  0.20/turn              j - ring of protection from fire
MPRegen  0.13/turn              k - ring of poison resistance

@: quick
A: very small, no armour, no weapons or thrown items, stealth, claws 1, fangs 3,
see invisible, carnivore, speed 1, shaggy fur 3, slow metabolism 1, sharp paws
0: Orb of Zot
a: Berserk, Trog's Hand, Brothers in Arms, Renounce Religion


You escaped.
You worshipped Trog.
Trog was exalted by your worship.
You were full.

You visited 1 branch You collected 3924 gold pieces.
You spent 989 gold pieces at shops.

Inventory:

Jewellery
 j - a ring of protection from fire (left paw)
 k - a ring of poison resistance (right paw)
 l - an uncursed ring of resist corrosion
 p - an amulet of reflection (around neck)
Wands
 h - a wand of digging (2)
 n - a wand of iceblast (11)
Scrolls
 a - a scroll of fear {unknown}
 m - 2 scrolls of identify
 o - a scroll of enchant armour {unknown}
 r - 2 scrolls of remove curse {unknown}
Potions
 c - a potion of heal wounds
 d - a potion of haste
 e - 3 potions of magic
 f - a potion of berserk rage
 i - a potion of flight
Miscellaneous
 g - a tin of tremorstones (3/3)
Comestibles
 q - 3 rations


   Skills:
 + Level 14.9 Fighting
 + Level 18.7 Dodging
 + Level 25.3 Stealth
 + Level 14.9 Unarmed Combat


You had 11 spell levels left.
You didn't know any spells.
Your spell library was empty.

Dungeon Overview and Level Annotations

Branches:
Dungeon (1/1)

Altars:
Cheibriados
Dithmenos
Elyvilon
Fedhas
Gozag
Hepliaklqana
Kikubaaqudgha
Makhleb
Nemelex Xobeh
Okawaru
Qazlal
Ru
Sif Muna
Trog
Uskayaw
Vehumet
Wu Jian
Xom
Yredelemnul
Zin
The Shining One
Jiyva
Lugonu

Shops:
D !}:(?*}(=[(?[!*[*[

Annotations:
D Tiamat


Innate Abilities, Weirdness & Mutations

You cannot wear armour.
You are incapable of wielding weapons or throwing items.
Your paws allow you to move quietly. (Stealth)
You have sharp claws.
You have razor-sharp teeth.
You have supernaturally acute eyesight. (SInv)
You are carnivorous and can eat meat at any time.
You cover ground quickly.
Your thick and shaggy fur keeps you warm. (AC +3, rC+)
You have a slow metabolism.
Your sharp claws are effective at attacking unaware monsters.


Message History

There is an open door here.
There is an open door here.
There is an open door here.
There is an open door here.
Your extra speed is starting to run out.
You are starting to lose your buoyancy.
There is an open door here.
There is an open door here.
Things that are here:
a +0 scythe; a +0 robe
There is an open door here.
You see here a +0 giant club.
You float gracefully downwards.
There is an open door here.
You feel yourself slow down.
There is an open door here.
Things that are here:
a +0 club; a +0 leather armour
There is a staircase leading out of the dungeon here.
You have escaped!

##################
#@.#..'..#.)'..#__
#.)'..#.)'..#..'..
#..#####'#####'#__
#..####..#...#.###
#..#__####..##.#≈§
#..#_____##'#_§§§≈
#⌠⌠#_.∩...'..._#≈≈
#..._..__##_.#+##+
#..#_____###'# #..


There were no monsters in sight!

Vanquished Creatures
  A golden dragon (D)
  A shadow dragon (D)
  A fire giant (D)
  A lorocyproca (D)
  A hydra (D)
  2 centaur warriors (D)
  Sonja (D)
  5 unseen horrors (D)
  A deep troll (D)
  A lindwurm (D)
  An oklob plant (D)
  A gargoyle (D)
  2 demonic crawlers (D)
  2 kobold demonologists (D)
  A meliai (D)
  A hornet (D)
  A slime creature (D)
  Sigmund (D)
  2 redbacks (D)
  A yak (D)
  13 hogs (D)
  3 floating eyes (D)
  6 necrophages (D)
  An ogre (D)
  8 jellies (D)
  Ijyb (D)
60 creatures vanquished.

Vanquished Creatures (collateral kills)
  A daeva (D)
  3 fire giants (D)
  2 unseen horrors (D)
  2 demonic crawlers (D)
  A necrophage (D)
9 creatures vanquished.

Vanquished Creatures (others)
  A gargoyle (D)
1 creature vanquished.

Grand Total: 70 creatures vanquished

Notes
Turn   | Place    | Note
-------+----------+-------------------------------------------
     0 | D        | Groucho the Felid Berserker began the quest for the Orb.
     0 | D        | Reached XP level 1. HP: 10/10 MP: 2/2
     2 | D        | Noticed Ijyb
    11 | D        | Killed Ijyb
    11 | D        | Reached skill level 8 in Stealth
    11 | D        | Reached XP level 2. HP: 14/14 MP: 3/3
    50 | D        | Noticed an ogre
    52 | D        | Killed an ogre
    52 | D        | Reached skill level 12 in Stealth
    52 | D        | Reached XP level 3. HP: 17/17 MP: 4/4
    52 | D        | Reached XP level 4. HP: 21/21 MP: 5/5
    71 | D        | Noticed Sigmund
    73 | D        | Killed Sigmund
    73 | D        | Reached ** piety under Trog
    73 | D        | Reached skill level 16 in Stealth
    73 | D        | Reached XP level 5. HP: 24/24 MP: 6/6
    73 | D        | Gained mutation: You are covered in thick fur. (AC +2)
                  | [Felid growth]
    73 | D        | Reached XP level 6. HP: 28/28 MP: 7/7
    85 | D        | Found a shimmering blue altar of Sif Muna.
    86 | D        | Found an ornate altar of the Wu Jian Council.
    87 | D        | Found a radiant altar of Vehumet.
    94 | D        | Found Cudauqo's Gadget Emporium.
    94 | D        | Found an ancient bone altar of Kikubaaqudgha.
    94 | D        | Found a hazy altar of Hepliaklqana.
    94 | D        | Found a stormy altar of Qazlal.
    94 | D        | Found a hide-covered altar of Uskayaw.
    94 | D        | Found a blossoming altar of Fedhas.
    94 | D        | Found a bloodstained altar of Trog.
    94 | D        | Found an iron altar of Okawaru.
    94 | D        | Found a basalt altar of Yredelemnul.
    94 | D        | Found a glowing golden altar of the Shining One.
    94 | D        | Found a snail-covered altar of Cheibriados.
    94 | D        | Found a sacrificial altar of Ru.
    94 | D        | Found a glowing silver altar of Zin.
    94 | D        | Found a shadowy altar of Dithmenos.
    94 | D        | Found a white marble altar of Elyvilon.
    94 | D        | Noticed a yak
    95 | D        | Found an opulent altar of Gozag.
    96 | D        | Killed a yak
    96 | D        | Reached skill level 18 in Stealth
    97 | D        | Found a sparkling altar of Nemelex Xobeh.
   129 | D        | Found a viscous altar of Jiyva.
   129 | D        | Found a corrupted altar of Lugonu.
   129 | D        | Noticed a slime creature
   130 | D        | Found a burning altar of Makhleb.
   130 | D        | Found a shimmering altar of Xom.
   132 | D        | Killed a slime creature
   132 | D        | Reached *** piety under Trog
   132 | D        | Reached skill level 5 in Dodging
   132 | D        | Reached XP level 7. HP: 32/32 MP: 8/8
   146 | D        | Noticed a centaur warrior
   146 | D        | Noticed a centaur warrior
   147 | D        | Killed a centaur warrior
   147 | D        | Reached skill level 19 in Stealth
   147 | D        | Reached XP level 8. HP: 39/39 MP: 9/9
   148 | D        | Killed a centaur warrior
   148 | D        | Reached skill level 10 in Dodging
   148 | D        | Reached skill level 20 in Stealth
   163 | D        | Noticed a hornet
   166 | D        | Killed a hornet
   166 | D        | Reached XP level 9. HP: 44/44 MP: 10/10
   177 | D        | Noticed an oklob plant
   179 | D        | Killed an oklob plant
   179 | D        | Reached **** piety under Trog
   453 | D        | Reached skill level 21 in Stealth
   462 | D        | Noticed an unseen horror
   462 | D        | Noticed an unseen horror
   479 | D        | Killed an unseen horror
   529 | D        | Killed an unseen horror
   529 | D        | Reached XP level 10. HP: 38/51 MP: 11/11
   803 | D        | Reached skill level 10 in Unarmed Combat
   804 | D        | Reached skill level 10 in Fighting
   862 | D        | Reached ***** piety under Trog
  1338 | D        | Killed a gargoyle
  1475 | D        | Found Pamolyesk's Weapon Shoppe.
  1475 | D        | Found Kedam's Book Shop.
  1475 | D        | Found Sismifuz's Magic Scroll Boutique.
  1477 | D        | Found Ehibyap's General Store.
  1477 | D        | Found Upsid's Gadget Shop.
  1477 | D        | Found Fihuusch's Weapon Shoppe.
  1477 | D        | Found Eschevio's Jewellery Boutique.
  1477 | D        | Found Jinicva's Armour Emporium.
  1477 | D        | Found Rar Won's Weapon Shop.
  1477 | D        | Found Hesm's Magic Scroll Shoppe.
  1481 | D        | Found Hahest's Armour Boutique.
  1482 | D        | Found Joosesut's Assorted Antiques.
  1482 | D        | Found Myckaeru's Distillery.
  1483 | D        | Bought a wand of digging (6) for 220 gold pieces
  1483 | D        | Found Deobacw's Assorted Antiques.
  1491 | D        | Bought 2 potions of flight for 72 gold pieces
  1498 | D        | Bought an uncursed ring of protection from fire for 325
                  | gold pieces
  1510 | D        | Bought a ruby ring for 150 gold pieces
  1510 | D        | Bought a twisted gilded ring for 150 gold pieces
  1513 | D        | Bought a scroll of identify for 24 gold pieces
  1513 | D        | Bought a scroll of identify for 24 gold pieces
  1513 | D        | Bought a scroll of identify for 24 gold pieces
  1667 | D        | Noticed a deep troll
  1669 | D        | Killed a deep troll
  1669 | D        | Reached skill level 22 in Stealth
  1681 | D        | Found Runno's Armour Emporium.
  1696 | D        | Noticed Sonja
  1699 | D        | Killed Sonja
  1715 | D        | Found Efopp's Distillery.
  1796 | D        | Reached ****** piety under Trog
  1800 | D        | Paralysed by a floating eye for 2 turns
  1948 | D        | Noticed a gargoyle
  1951 | D        | Killed a gargoyle
  1966 | D        | Noticed a lorocyproca
  1993 | D        | Killed a lorocyproca
  1993 | D        | Reached skill level 15 in Dodging
  1993 | D        | Reached XP level 11. HP: 55/56 MP: 0/12
  2173 | D        | Noticed a lindwurm
  2175 | D        | Killed a lindwurm
  2175 | D        | Reached skill level 23 in Stealth
  2264 | D        | Noticed a 12-headed hydra
  2266 | D        | Killed a 12-headed hydra
  2267 | D        | Paralysed by a floating eye for 4 turns
  2340 | D        | Noticed a golden dragon
  2341 | D        | Noticed a shadow dragon
  2345 | D        | Killed a shadow dragon
  2347 | D        | Killed a golden dragon
  2347 | D        | Reached skill level 24 in Stealth
  2347 | D        | Gained mutation: Your thick and shaggy fur keeps you warm.
                  | (AC +3, rC+) [Felid growth]
  2347 | D        | Reached XP level 12. HP: 62/62 MP: 13/13
  2413 | D        | Found Posmump's Armour Shoppe.
  2579 | D        | Noticed a daeva
  2588 | D        | Killed a daeva
  2653 | D        | Noticed a fire giant
  2668 | D        | Killed a fire giant
  2668 | D        | Reached skill level 25 in Stealth
  2722 | D        | Noticed a fire giant
  2722 | D        | Noticed a fire giant
  2723 | D        | Noticed a fire giant
  2740 | D        | Killed a fire giant
  2742 | D        | Killed a fire giant
  2746 | D        | Killed a fire giant
  3016 | D        | Identified the +4 dragonskin cloak
  3016 | D        | Noticed Tiamat
  3018 | D        | Got the Orb of Zot
  3089 | D        | Escaped with the Orb!

Illustrated notes

Levels and vault maps discovered:
D:        dungeon_sprint_1 [red_sonja_temple_1, red_sonja_temple_small_1]

Skill      XL: |  1  2  3  4  5  6  7  8  9 10 11 12 |
---------------+-------------------------------------+-----
Stealth        | 8 12 16 18 19 20 21 22 24 25 | 25.3
Fighting       | 4 6 8 9 11 13 14 | 14.9
Dodging        | 5 8 10 12 15 17 18 | 18.7
Unarmed Combat | 4 6 8 9 11 13 14 | 14.9

Action                   |  1- 3 |  4- 6 |  7- 9 | 10-12 || total
-------------------------+-------+-------+-------+-------++-------
Melee: Unarmed           |     7 |     4 |    41 |   109 ||   161
       Bite              |     1 |       |     2 |    18 ||    21
       Punch             |       |       |     2 |     6 ||     8
Invok: Berserk           |     1 |       |     2 |     4 ||     7
       Trog's Hand       |       |       |     3 |     6 ||     9
       Brothers in Arms  |       |       |     1 |     7 ||     8
Evoke: Wand              |       |       |       |     4 ||     4
       Tin of tremorston |       |       |       |     1 ||     1
  Use: Scroll            |       |       |     1 |     3 ||     4
       Potion            |       |       |     1 |     3 ||     4
 Stab: Sleeping          |     1 |     4 |     5 |    23 ||    33
       Distracted        |       |       |       |     1 ||     1
  Eat: Chunk             |     3 |     3 |     2 |     9 ||    17
       Ration            |       |       |       |     2 ||     2
Armor: Skin              |       |       |       |     3 ||     3
Dodge: Dodged            |     2 |       |    64 |    80 ||   146
Block: Other             |       |       |       |     9 ||     9
